AoeStats
← Malelf

Arabia

509612626Analyzed
1v1 RM · 3d ago on Sep 27, 2026· 28m 59s· 2 players
Game mode
Random Map
Map size
Tiny (2 player)
Population
200
Speed
Normal
Resources
Standard
Victory
Conquest
Starting age
Dark Age
Ending age
Imperial Age
RankedLock teamsTeams togetherTeam positionsShared explorationLock speedFull tech treeHidden civsTurbo modeCheats
Victory
Defeat
🇩🇰 Tupi · Denmark
2096
+3
🇮🇹 Romans · Italy
1715
-3
Harty
6:29 Loom
8:40 Feudal Age
9:53 Double-Bit Axe
12:30 Fletching
13:42 Wheelbarrow
20:44 Castle Age
19:07 Horse Collar
19:52 Gold Mining
21:33 Bodkin Arrow
20:58 Crossbowman
21:58 Bow Saw
24:36 Ballistics
29:22 Hand Cart
Malelf
7:00 Loom
9:39 Feudal Age
9:46 Man-at-Arms
12:18 Double-Bit Axe
14:07 Fletching
15:39 Scale Mail Armor
21:23 Castle Age
19:50 Padded Archer Armor
19:46 Horse Collar
20:11 Gold Mining
22:17 Bodkin Arrow
21:57 Long Swordsman
23:00 Squires
23:36 Elite Skirmisher
28:53 Ballistics
Connection lost

Rejoining the realm…

Still unreachable

The connection could not be restored.

Session expired

The server has moved on; the page needs a fresh start.